 Dungeon Crawl Stone Soup version 0.18.1-5-g4a78601 (webtiles) character file.

2891 epen the Slicer (level 9, -9/75 HPs)
             Began as a Pale Draconian Gladiator on May 13, 2016.
             Was a Believer of Okawaru.
             Killed from afar by Erolcha (30 damage)
             ... with a bolt of lightning
             ... on level 8 of the Dungeon.
             The game lasted 00:14:30 (8126 turns).

epen the Slicer (Pale Draconian Gladiator)          Turns: 8126, Time: 00:14:31

Health: -9/75      AC: 10    Str: 18    XL:     9   Next: 48%
Magic:  10/12      EV: 20    Int:  9    God:    Okawaru [**....]
Gold:   276        SH:  3    Dex: 14    Spells: 0 memorised, 8 levels left

rFire  . . .     SeeInvis .     F - +2 rapier (holy)
rCold  . . .     Gourm    .     (armour unavailable)
rNeg   . . .     Faith    .     (no shield)
rPois  .         Spirit   .     b - +0 hat
rElec  .         Dismiss  .     x - +1 cloak
rCorr  .         Reflect  +     w - +0 pair of gloves
SustAt .         Harm     .     (no boots)
MR     +....                    D - +3 amulet of reflection
Stlth  +++.......               (no ring)
                                H - ring of protection from magic

@: short of breath, heroism, somewhat resistant to hostile enchantments, fairly
stealthy
A: breathe steam, unfitting armour, cold-blooded, AC +7
a: Breathe Steam, Heroism, Renounce Religion


You were on level 8 of the Dungeon.
You worshipped Okawaru.
Okawaru was pleased with you.
You were near starving.

You visited 2 branches of the dungeon, and saw 9 of its levels.

You collected 276 gold pieces.

Inventory:

Hand Weapons
 a - a +0 rapier
 F - a +2 rapier of holy wrath (weapon)
Missiles
 c - 4 throwing nets (quivered)
Armour
 b - a +0 hat (worn)
 w - a +0 pair of gloves (worn)
 x - a +1 cloak (worn)
 J - a cursed +0 pair of gloves
Jewellery
 f - an uncursed ring of magical power {unknown}
 D - a +3 amulet of reflection (around neck)
 H - a ring of protection from magic (left hand)
Wands
 d - a wand of random effects (48/48)
Scrolls
 e - 2 scrolls of enchant armour
 h - 3 scrolls of identify
 j - 3 scrolls of fear {unknown}
 m - 2 scrolls of recharging
 n - 4 scrolls of blinking {unknown}
 o - 6 scrolls of remove curse {unknown}
 r - a scroll of amnesia {unknown}
 s - a scroll of random uselessness {unknown}
 y - a scroll of enchant weapon {unknown}
Potions
 g - a potion of flight {unknown}
 i - a potion of lignification {unknown}
 p - 6 potions of curing
 q - a potion of invisibility {unknown}
 t - a potion of agility {unknown}
 v - 2 potions of brilliance {unknown}
 z - a potion of degeneration {unknown}
 A - a potion of haste {unknown}
 B - 2 potions of berserk rage {unknown}
 E - a potion of resistance {unknown}
 G - a potion of might {unknown}
 I - a potion of heal wounds {unknown}
Comestibles
 l - 5 meat rations
 u - 3 fruits
 C - a beef jerky
 K - a bread ration


   Skills:
 + Level 6.1(11.1) Fighting
 * Level 8.4(13.4) Short Blades
 - Level 1.7(6.7) Throwing
 * Level 7.6(12.6) Dodging
 * Level 5.1 Invocations


You had 8 spell levels left.
You didn't know any spells.

Dungeon Overview and Level Annotations

Branches:
Dungeon (8/15)             Temple (1/1) D:5
   Lair: D:8-11

Altars:
Ashenzari
Cheibriados
Dithmenos
Elyvilon
Fedhas
Gozag
Kikubaaqudgha
Makhleb
Okawaru
Pakellas
Qazlal
Sif Muna
Trog
Vehumet
Xom
Yredelemnul
The Shining One

Shops:
D:5 %   D:6 (

Annotations:
D:3 epen's ghost, amateur GrGl
D:8 Erolcha; Gastronok


Innate Abilities, Weirdness & Mutations

You can breathe blasts of scalding, opaque steam.
Your pale cyan-grey scales are hard (AC +7).
Your body does not fit into most forms of armour.
You are cold-blooded and may be slowed by cold attacks.


Message History

You hit Erolcha.
Erolcha is heavily wounded.
Erolcha misses you.
Press: ? - help, Shift-Dir - straight line, f/p - Erolcha
Aim: Erolcha, wielding a giant club and wearing a robe (heavily wounded)
You exhale a blast of scalding steam.
The ball of steam hits Erolcha.
Erolcha is severely wounded.
You feel slightly more hungry.
You barely miss Erolcha.
Erolcha is severely wounded.
Erolcha is engulfed in a cloud of scalding steam.
Erolcha misses you.
You hit Erolcha.
Your tail-slap misses Erolcha.
Erolcha is severely wounded.
You barely miss Erolcha.
Your tail-slap misses Erolcha.
You punch Erolcha.
Erolcha is almost dead.
Erolcha is engulfed in a cloud of scalding steam.
Erolcha points at you and mumbles some strange words.
The bolt of lightning hits you!
You die...

##################
+...ยง.>..........##
######.#########..#
#O# ##.# #@# ###.###
#.# #.....# #.#
#.##..# #.#
#.##..### #.#
#.#...... #.#
#.#...... ..#
#.#...... ..#
#.#...... .........


You could see Erolcha.

Vanquished Creatures
  A two-headed ogre (D:8)
  Sigmund (D:6)
  Eustachio (D:6)
  A hippogriff (D:8)
  A water moccasin (D:7)
  A sky beast (D:4)
  2 ogres (D:8)
  2 ice beasts
  A big kobold (D:8)
  4 giant frogs
  A gnoll sergeant (D:5)
  A water moccasin zombie (D:6)
  4 scorpions
  5 killer bees (D:8)
  A wight (D:8)
  2 hounds
  3 orc priests
  A giant frog skeleton (D:4)
  3 orc wizards
  2 iguanas (D:5)
  5 worker ants
  2 hound skeletons
  11 gnolls
  A howler monkey skeleton (D:8)
  9 adders
  A shadow imp (D:8)
  An ooze (D:4)
  3 worms
  3 dart slugs
  4 giant geckos
  22 orcs
  5 giant cockroaches
  7 goblins
  7 hobgoblins
  15 jackals
  3 quokkas
  2 ball pythons
  8 bats
  A giant gecko skeleton (D:4)
  3 giant newts
  A jackal skeleton (D:7)
  7 kobolds
  8 rats
  5 butterflies (D:5)
172 creatures vanquished.

Vanquished Creatures (others)
  A manticore (D:4)
1 creature vanquished.

Grand Total: 173 creatures vanquished

Notes
Turn   | Place    | Note
--------------------------------------------------------------
     0 | D:1      | epen the Draconian Gladiator began the quest for the Orb.
     0 | D:1      | Reached XP level 1. HP: 17/17 MP: 1/1
   183 | D:1      | Reached XP level 2. HP: 25/25 MP: 2/2
   708 | D:1      | Reached XP level 3. HP: 30/30 MP: 3/3
  1653 | D:3      | Reached skill level 4 in Short Blades
  1666 | D:3      | Reached XP level 4. HP: 30/37 MP: 4/4
  1790 | D:3      | Found a faded altar to an unknown god.
  2331 | D:3      | Noticed epen's ghost (amateur GrGl)
  2338 | D:3      | Reached XP level 5. HP: 39/45 MP: 5/5
  2622 | D:4      | Found an oddly glowing altar of Pakellas.
  2623 | D:4      | Noticed a manticore
  2627 | D:4      | Killed a manticore
  2933 | D:4      | Reached skill level 5 in Short Blades
  3023 | D:4      | Found a bloodstained altar of Trog.
  3030 | D:4      | Noticed a sky beast
  3034 | D:4      | Found a glowing golden altar of the Shining One.
  3059 | D:4      | Killed a sky beast
  3059 | D:4      | Reached XP level 6. HP: 35/51 MP: 6/6
  3590 | D:5      | Entered Level 5 of the Dungeon
  3987 | D:5      | Reached skill level 5 in Dodging
  3987 | D:5      | Your scales start taking on a pale cyan-grey colour.
  3987 | D:5      | Reached XP level 7. HP: 9/59 MP: 7/7
  4307 | D:5      | Reached skill level 6 in Short Blades
  4533 | D:5      | Found a stormy altar of Qazlal.
  4640 | D:5      | Found Quive's Food Emporium.
  4779 | D:5      | Found a staircase to the Ecumenical Temple.
  4791 | Temple   | Entered the Ecumenical Temple
  5025 | Temple   | Became a worshipper of Warmaster Okawaru
  5322 | D:6      | Noticed Sigmund
  5336 | D:6      | Killed Sigmund
  5336 | D:6      | Reached XP level 8. HP: 67/67 MP: 8/8
  5384 | D:6      | Reached skill level 5 in Fighting
  5407 | D:6      | Found Beawoi's Weapon Boutique.
  5441 | D:6      | Reached skill level 7 in Short Blades
  5449 | D:6      | Reached * piety under Okawaru
  5449 | D:6      | Reached skill level 1 in Invocations
  5762 | D:6      | Found a burning altar of Makhleb.
  5829 | D:6      | Noticed Eustachio
  5859 | D:6      | Killed Eustachio
  6311 | D:7      | Noticed a moth of wrath
  6314 | D:7      | Found a bloodstained altar of Trog.
  6547 | D:7      | Found a shattered altar of Ashenzari.
  7017 | D:8      | Reached ** piety under Okawaru
  7017 | D:8      | Reached XP level 9. HP: 75/75 MP: 11/11
  7080 | D:8      | Noticed Gastronok
  7485 | D:8      | Reached skill level 8 in Short Blades
  7790 | D:8      | Reached skill level 5 in Invocations
  8112 | D:8      | Noticed Erolcha
  8126 | D:8      | Killed from afar by Erolcha

Skill      XL: |  1  2  3  4  5  6  7  8  9 |
---------------+----------------------------+-----
Dodging        | 3 4 5 7 |  7.6
Short Blades   | 4 5 6 7 8 |  8.4
Fighting       | 3 4 5 6 |  6.1
Invocations    | 3 5 |  5.1
Throwing       | |  1.7

Action                   |  1- 3 |  4- 6 |  7- 9 || total
-------------------------+-------+-------+-------++-------
Melee: Rapier            |   141 |   220 |   300 ||   661
       Tailslap          |    16 |    31 |    43 ||    90
       Punch             |       |       |     1 ||     1
Invok: Heroism           |       |       |     1 ||     1
 Abil: Breathe Steam     |       |       |    33 ||    33
  Use: Scroll            |       |       |     5 ||     5
 Stab: Distracted        |     1 |       |     1 ||     2
       Sleeping          |       |       |     2 ||     2
  Eat: Bread ration      |     1 |       |     1 ||     2
       Chunk             |       |     4 |    11 ||    15
       Pizza             |       |     1 |       ||     1
Armor: Skin              |    60 |    53 |    70 ||   183
Dodge: Dodged            |   109 |   129 |   231 ||   469
Block: Other             |       |       |    20 ||    20
       Reflection        |       |       |     1 ||     1
